Description

This is copied from Serral's build vs Goblin in 2021. It hits at ~3:35 with 3 roaches, 1 ravager, and ~10 zerglings.

VOD

https://www.youtube.com/watch?v=Pztf1UCpdW4

Replay - Serral's 16 drone all-in

Build Order

Get SALT Encoding   

  6  0:00  Drone  
  13  0:12  Overlord  
  13  0:17  Drone  
  14  0:30  Drone x2  
  16  0:39  Spawning Pool  
  15  0:43  Drone x2  Rally this drone to take the extractor at 1:00
  17  0:55  Drone  
  18  1:01  Extractor  
  17  1:11  Hatchery  
  16  1:26  Queen  Inject once at main, then walk down to natural to inject
  16  1:27  Zergling x4  
  20  1:33  Zergling x2  
  21  1:41  Overlord  
  21  1:54  Roach Warren  
  21  1:57  Drone  
  21  2:05  Metabolic Boost  
  21  2:35  Roach x3  Morph the front roach as soon as you reach 75 gas
  21  2:36  Overlord  
  27  2:40  Roach  
  29  2:47  Zergling x6  
  32  2:53  Zergling x4  
  34  3:01  Zergling x2  
  35  3:07  Zergling x2  
  36  3:13  Ravager  
  41  3:28  Overlord  
Spawning Tool Build Advisor. Get it on Overwolf

Analysis

The goal is to focus down the unit or building guarding the wall. Use corrosive bile to open the wall, and then on the shield battery. You'll only have 16 drones total, so if you don't break through you'll most likely be in a losing position.

This build is weak to oracle openers, especially since energy recharge allows oracles to have effectively unlimited energy to defend. Splitting lings between both bases should allow for good damage though.

Go to:

Details

  • Created by: flashandfoul
  • Published on: Jul 10, 2025
  • Modified on: Jul 10, 2025
  • Patch: 5.0.11
  • Difficulty: Easy
Show
View Real Time Build Order
Export as new Build Order

Comments (0)

There are no comments. Be the first!

Create an account to comment!